 Dungeon Crawl Stone Soup version 0.29-a0-11-ga75d3d97ab (webtiles) character file.

Game seed: 854228190650147659

952 kae the Ruffian (level 7, -1/57 HPs)
             Began as a Green Draconian Transmuter on Jan 28, 2022.
             Succumbed to a scorpion's poison
             ... on level 5 of the Dungeon.
             The game lasted 00:03:28 (5580 turns).

kae the Ruffian (Green Draconian Transmuter)        Turns: 5580, Time: 00:03:28

Health: -1/57      AC:  2    Str: 13    XL:     7   Next: 90%
Magic:  12/12      EV: 20    Int: 15    God:
Gold:   223        SH:  0    Dex: 16    Spells: 4/12 levels left

rFire   . . .      SeeInvis .     - Unarmed
rCold   . . .      Faith    .   (shield currently unavailable)
rNeg    . . .      Spirit   .   (armour unavailable)
rPois   x          Reflect  .   (helmet currently unavailable)
rElec   .          Harm     .   (cloak currently unavailable)
rCorr   .          Rampage  .   (gloves currently unavailable)
Will    +....                   (boots currently unavailable)
Stlth   +.........              (no amulet)
HPRegen 0.19/turn               i - ring of willpower
MPRegen 0.13/turn               (no ring)

@: lethally poisoned (-1 -> -10), spider-form, on berserk cooldown, slowed, very
slow
A: venomous fangs, (breathe noxious fumes), AC +6, tiny, unfitting armour,
(poison resistance), (cold-blooded)
a: End Transformation


You were on level 5 of the Dungeon.
You were a venomous arachnid creature.
You visited 1 branch of the dungeon, and saw 5 of its levels.

You collected 223 gold pieces.

Inventory:

Jewellery
 i - a ring of willpower (left front leg)
Wands
 g - a wand of digging (5)
 h - a wand of iceblast (4)
Scrolls
 e - a scroll of teleportation
Potions
 a - a potion of brilliance
 b - a potion of might
 c - 2 potions of invisibility
 d - 2 potions of mutation
 f - a potion of berserk rage
 k - 2 potions of haste {unknown}
 l - a potion of curing {unknown}


   Skills:
 + Level 3.1 Fighting
 + Level 3.2 Dodging
 * Level 5.2 Unarmed Combat
 + Level 3.4 Spellcasting
 * Level 4.6 Transmutations
 * Level 3.2 Ice Magic
 - Level 2.4 Poison Magic


You had 4 spell levels left.
You knew the following spells:

 Your Spells              Type           Power      Damage    Failure   Level
a - Beastly Appendage     Tmut           32%        N/A       10%         1
b - Spider Form           Tmut/Pois      13%        N/A       32%         3
c - Ice Form              Ice/Tmut       14%        N/A       58%         4

Your spell library contained the following spells:

 Spells                   Type           Power      Damage    Failure   Level
 Wereblood                Tmut           16%        N/A       13%         2
 Summon Small Mammal      Summ           8%         N/A       38%         1
 Call Canine Familiar     Summ           2%         N/A       71%         3
 Summon Guardian Golem    Hex/Summ       2%         N/A       71%         3
 Petrify                  Tmut/Erth      9%         N/A       78%         4
 Metabolic Englaciation   Hex/Ice        3%         N/A       99%         5
 Statue Form              Tmut/Erth      6%         N/A       100%        6


Dungeon Overview and Level Annotations

Branches:
Dungeon (5/15)
 Temple: D:4-7

Altars:
Ashenzari
Hepliaklqana
Wu Jian

Shops:
D:2 [   D:3 ?


Innate Abilities, Weirdness & Mutations

You are a venomous arachnid creature.
You have poisonous fangs.
You are tiny and dextrous.
Your spellcasting is less reliable in this form.
Your armour is entirely melded.
You are incapable of wielding weapons or throwing items.
((You can breathe blasts of noxious fumes.))
((Your lurid green scales are hard. (AC +6)))
You cannot fit into any form of body armour.
((Your system is resistant to poisons. (rPois)))
((You are cold-blooded and may be slowed by cold attacks.))


Message History

There is a lethal amount of poison in your body!
You are too injured to fight recklessly!
You are too injured to fight recklessly!
You hit the scorpion but do no damage.
The scorpion looks even sicker.
The scorpion is heavily wounded.
You feel extremely sick. The scorpion misses you.
You hit the scorpion but do no damage.
The scorpion looks as sick as possible!
The scorpion is severely wounded.
* * * LOW HITPOINT WARNING * * *
You feel extremely sick.
You kill the scorpion!
* * * LOW HITPOINT WARNING * * *
You feel very sick.
There is a lethal amount of poison in your body!
There is a lethal amount of poison in your body!
There is a lethal amount of poison in your body!
There is a lethal amount of poison in your body!
It was a potion of berserk rage.
A red film seems to cover your vision as you go berserk!
You feel yourself moving faster!
You feel mighty!
* * * LOW HITPOINT WARNING * * *
You feel very sick.
You are too berserk!
You feel a strong urge to attack something.
* * * LOW HITPOINT WARNING * * *
You feel sick.
* * * LOW HITPOINT WARNING * * *
You feel very sick.
You feel your anger nearly subside.
* * * LOW HITPOINT WARNING * * *
You feel sick.
Your magical contamination has completely faded away.
You are no longer berserk.
You are exhausted.
You feel yourself slow down.
* * * LOW HITPOINT WARNING * * *
You feel sick.
It was a potion of magic.
Magic courses through your body.
You die...

######## #......#
#..s...# ###......#
#.####.# ........#
#..# #......#
##.#.# #......#
#..####..
#......###.........
#......##..##.##.[.
#......##.## ...
#....).....#####.


There were no monsters in sight!

Vanquished Creatures
  A water moccasin (D:4)
  A necrophage (D:4)
  A black bear (D:4)
  Blork the orc (D:5)
  A scorpion (D:5)
  4 killer bees (D:4)
  A jelly (D:4)
  Ijyb (D:5)
  An iguana (D:4)
  An orc wizard (D:4)
  7 gnolls
  8 adders
  A river rat (D:3)
  4 worms
  A dart slug (D:2)
  8 orcs (D:4)
  3 endoplasms
  6 giant cockroaches
  6 goblins
  12 hobgoblins
  4 quokkas
  7 ball pythons
  3 bats
  6 frilled lizards (D:1)
  8 kobolds
  4 rats
  A spectral hobgoblin (D:3)
102 creatures vanquished.

Notes
Turn   | Place    | Note
-------+----------+-------------------------------------------
     0 | D:1      | kae the Draconian Transmuter began the quest for the Orb.
     0 | D:1      | Reached XP level 1. HP: 16/16 MP: 3/3
   216 | D:1      | Reached XP level 2. HP: 23/23 MP: 3/5
  1326 | D:1      | Found a faded altar of an unknown god.
  1428 | D:2      | Reached XP level 3. HP: 21/28 MP: 4/6
  1432 | D:2      | Learned a level 3 spell: Spider Form
  1987 | D:2      | Found Zomaucasa's Armour Shoppe.
  2160 | D:3      | Found a hazy altar of Hepliaklqana.
  2214 | D:3      | Found Izogiq's Magic Scroll Boutique.
  2236 | D:3      | Reached skill level 1 in Poison Magic
  2236 | D:3      | Reached XP level 4. HP: 35/35 MP: 5/7
  2542 | D:3      | Found a broken altar of Ashenzari.
  3120 | D:3      | Reached XP level 5. HP: 41/41 MP: 5/8
  3300 | D:3      | Learned a level 4 spell: Ice Form
  3745 | D:4      | Noticed a necrophage
  3757 | D:4      | Reached skill level 4 in Unarmed Combat
  3761 | D:4      | Killed a necrophage
  3762 | D:4      | Reached skill level 1 in Ice Magic
  3762 | D:4      | Reached XP level 6. HP: 38/48 MP: 7/10
  4496 | D:4      | Noticed a water moccasin
  4506 | D:4      | Killed a water moccasin
  4507 | D:4      | Your scales start taking on a lurid green colour.
  4507 | D:4      | Reached XP level 7. HP: 34/56 MP: 8/11
  4507 | D:4      | Gained mutation: Your system is resistant to poisons.
                  | (rPois) [Green Draconian growth]
  5034 | D:4      | Reached skill level 5 in Unarmed Combat
  5143 | D:4      | Found an ornate altar of the Wu Jian Council.
  5377 | D:5      | Entered Level 5 of the Dungeon
  5379 | D:5      | Noticed Ijyb
  5404 | D:5      | Killed Ijyb
  5519 | D:5      | Noticed Blork the orc
  5532 | D:5      | Killed Blork the orc
  5579 | D:5      | HP: 2/57 [poisoned by a scorpion]
  5580 | D:5      | Succumbed to a scorpion's poison

Illustrated notes

Levels and vault maps discovered:
D:1:      elethiomel_arrival_quiet, layout_basic,
          shapermc_ecumenical_altar_mp_vishouse
D:2:      wander_river, layout_rooms, serial_shops,
          nicolae_shop_advertising_works [nicolae_subvault_shop_adworks],
          minmay_circled_x
D:3:      layout_loops_ring, mainiacjoe_overflow_catwalk,
          nicolae_hepliaklqana_monster_ancestors, portal_sewer_entry_a,
          serial_shops, nicolae_shop_trees, grunt_ministairs_13
D:4:      layout_basic, nzn_wu_jian_council_hall
D:5:      layout_basic, minmay_misc_feat_tiny, hangedman_decor_diamond_cutter,
          nicolae_specific_store, kennysheep_diamond, minmay_fire_ice_demons,
          uniq_ijyb, uniq_sigmund, uniq_blork_the_orc, uniq_crazy_yiuf_cottage,
          uniq_pikel

Skill      XL: |  1  2  3  4  5  6  7 |
---------------+----------------------+-----
Dodging        | 2 3 |  3.2
Poison Magic   | 1 2 |  2.4
Transmutations | 3 4 |  4.6
Unarmed Combat | 4 5 |  5.2
Fighting       | 2 3 |  3.1
Ice Magic      | 1 2 3 |  3.2
Spellcasting   | 3 |  3.4

Action                   |  1- 3 |  4- 6 |  7- 9 || total
-------------------------+-------+-------+-------++-------
Melee: Unarmed           |   109 |   126 |    81 ||   316
       Tailslap          |    13 |    11 |     5 ||    29
       Headbutt          |    15 |     6 |       ||    21
       Kick              |    15 |     8 |       ||    23
       Punch             |       |     1 |     1 ||     2
 Cast: Beastly Appendage |    25 |    12 |       ||    37
       Spider Form       |       |     8 |     8 ||    16
       Ice Form          |       |     1 |     1 ||     2
 Abil: Breathe Noxious F |       |       |     2 ||     2
  Use: Scroll            |     4 |     4 |     1 ||     9
       Potion            |       |       |     2 ||     2
 Stab: Confused          |       |       |     2 ||     2
Armor: Skin              |    24 |    31 |     9 ||    64
Dodge: Dodged            |    66 |    94 |    65 ||   225

Table legend: (Time is in decaauts)
 A = Elapsed time spent in this place.
 B = Non-inter-level travel time spent in this place.
 C = Inter-level travel time spent in this place.
 D = Time resting spent in this place.
 E = Time spent auto-exploring this place.
 F = Levels seen in this place.
 G = Mean time per level.
                   A        B        C        D        E       F      G
               +--------+--------+--------+--------+--------+-----+--------+
         Total |   5576 |   5500 |     76 |   1072 |   3650 |   5 | 1115.2 |
       Dungeon |   5576 |   5500 |     76 |   1072 |   3650 |   5 | 1115.2 |
               +--------+--------+--------+--------+--------+-----+--------+

Top non-repeatable levels by time:
     D:4: 1786 daAuts
     D:1: 1411 daAuts
     D:3: 1120 daAuts
     D:2: 1059 daAuts
     D:5: 198 daAuts
